[ PARTIDA AOE2 · #478898952 ]
UnrankedFrancos vs Portuguese
[ ANÁLISIS DE REPETICIÓN · EXTRAÍDO DE LA PARTIDA GRABADA ]
Feudal
11:00
Castillos
14:37
Imperial
27:28
| APM promedio | 37.5 |
| APM pico | 81 |
| eAPM promedio | 18.1 |
| Aldeanos / militares | 143 / 497 |
Foco
⚔️ 40.2% · 🌾 59.8%
Throwing Axeman ×162 · Spearman ×134 · Scout Cavalry ×93 · Knight ×91 · Bombard Cannon ×15 · Trebuchet (Packed) ×2
Feudal
13:36
Castillos
17:11
Imperial
21:58
| APM promedio | 22.7 |
| APM pico | 49 |
| eAPM promedio | 13.0 |
| Aldeanos / militares | 32 / 124 |
Foco
⚔️ 36.4% · 🌾 63.6%
Knight ×58 · Organ Gun ×57 · Bombard Cannon ×8 · Trebuchet (Packed) ×1
Feudal
10:58
Castillos
14:44
Imperial
31:46
| APM promedio | 61.4 |
| APM pico | 124 |
| eAPM promedio | 33.3 |
| Aldeanos / militares | 188 / 231 |
Foco
⚔️ 42.5% · 🌾 57.5%
Spearman ×186 · Unknown (1968) ×62 · Archer ×37 · Unknown (1974) ×11 · Unknown (1942) ×6 · Mangonel ×4
Feudal
11:02
Castillos
14:32
Imperial
28:13
| APM promedio | 50.1 |
| APM pico | 145 |
| eAPM promedio | 23.5 |
| Aldeanos / militares | 131 / 423 |
Foco
⚔️ 54.7% · 🌾 45.3%
Spearman ×319 · Hand Cannoneer ×60 · Bombard Cannon ×40 · Hussite Wagon ×3 · Monk ×1
Feudal
8:55
Castillos
12:56
Imperial
—
| APM promedio | 19.5 |
| APM pico | 89 |
| eAPM promedio | 10.9 |
| Aldeanos / militares | 104 / 113 |
Foco
⚔️ 29.8% · 🌾 70.2%
Scout Cavalry ×83 · Knight ×14 · Spearman ×12 · Battle Elephant ×4
Feudal
8:31
Castillos
23:36
Imperial
36:27
| APM promedio | 48.3 |
| APM pico | 108 |
| eAPM promedio | 33.0 |
| Aldeanos / militares | 190 / 296 |
Foco
⚔️ 44.6% · 🌾 55.4%
Monaspa ×285 · Trade Cart ×21 · Mangonel ×6 · Trebuchet (Packed) ×5
Feudal
12:42
Castillos
16:25
Imperial
37:41
| APM promedio | 26.2 |
| APM pico | 56 |
| eAPM promedio | 18.6 |
| Aldeanos / militares | 143 / 205 |
Foco
⚔️ 40.7% · 🌾 59.3%
Knight ×151 · Flemish Militia ×35 · Battering Ram ×11 · Trebuchet (Packed) ×6 · Monk ×2
Feudal
10:06
Castillos
14:28
Imperial
29:09
| APM promedio | 53.9 |
| APM pico | 94 |
| eAPM promedio | 29.4 |
| Aldeanos / militares | 211 / 588 |
Foco
⚔️ 41.8% · 🌾 58.2%
Spearman ×228 · Scout Cavalry ×187 · Militia ×135 · Battering Ram ×36 · Trebuchet (Packed) ×2 · Unknown (1105) ×1
Mapa de la partida
Recursos iniciales + cada clic de construcción. Líneas = muros · curvas = relieve. ◆ oro · ⬟ piedra · ● bayas · ✦ reliquia · ◌ hueco del cierre
Tu base· ✓ Cerrada en 14:37 · 0t muro · 2 puerta(s)
Base de lobo· ✓ Cerrada en 17:11 · 0t muro · 2 puerta(s)
Base de BSV_Ariadna· ✓ Cerrada en 14:44 · 17t muro · 3 puerta(s)
Base de Snorkiss89· ✓ Cerrada en 14:32 · 0t muro · 2 puerta(s)
Base de ExtremeTreant· ✓ Cerrada en 12:56 · 0t muro · 2 puerta(s)
Base de Signal&Command to me=mute&report· ✓ Cerrada en 23:36 · 17t muro · 3 puerta(s)
Base de Loto· ✓ Cerrada en 16:25 · 5t muro · 3 puerta(s)
Base de RankS· ✓ Cerrada en 14:28 · 0t muro · 2 puerta(s)
Terreno inicial suavizado · ◌ = hueco del cierre detectado · pasá el cursor para detalles
Inputs por minuto
— Mysterutopia - - lobo
Build order — Mysterutopia
Primeras 150 de 469 acciones detectadas
| 0:02 | Crear | Villager (Male) ×4 |
| 0:03 | Construir | House |
| 0:04 | Construir | House |
| 1:33 | Crear | Villager (Male) |
| 1:33 | Crear | Villager (Male) |
| 1:57 | Crear | Villager (Male) |
| 2:29 | Crear | Villager (Male) |
| 2:30 | Crear | Villager (Male) |
| 2:59 | Crear | Villager (Male) |
| 2:59 | Crear | Villager (Male) |
| 3:11 | Crear | Villager (Male) |
| 3:11 | Crear | Villager (Male) |
| 3:31 | Crear | Villager (Male) |
| 3:38 | Construir | House |
| 4:05 | Crear | Villager (Male) |
| 4:05 | Crear | Villager (Male) |
| 4:21 | Crear | Villager (Male) |
| 4:21 | Crear | Villager (Male) |
| 4:41 | Crear | Villager (Male) |
| 4:41 | Crear | Villager (Male) |
| 4:41 | Crear | Villager (Male) |
| 4:50 | Construir | Lumber Camp |
| 5:08 | Crear | Villager (Male) ×3 |
| 6:09 | Crear | Villager (Male) |
| 6:09 | Crear | Villager (Male) |
| 6:10 | Crear | Villager (Male) |
| 6:21 | Construir | House |
| 6:42 | Construir | Mill |
| 7:48 | Construir | Mining Camp |
| 8:15 | Investigar | Feudal Age |
| 8:15 | Investigar | Feudal Age |
| 10:07 | Construir | House |
| 10:10 | Crear | Villager (Male) |
| 11:00 | Edad | Edad Feudal |
| 11:15 | Construir | Market |
| 11:18 | Construir | Blacksmith |
| 11:23 | Crear | Villager (Male) |
| 11:43 | Investigar | Loom |
| 11:57 | Investigar | Castle Age |
| 11:57 | Investigar | Castle Age |
| 12:18 | Investigar | Double-Bit Axe |
| 12:18 | Investigar | Double-Bit Axe |
| 12:23 | Construir | Farm |
| 12:23 | Construir | Farm |
| 12:23 | Construir | Farm |
| 12:24 | Construir | Farm |
| 12:34 | Construir | Lumber Camp |
| 14:37 | Edad | Edad de los Castillos |
| 14:39 | Construir | Town Center |
| 14:40 | Crear | Villager (Male) |
| 14:40 | Crear | Villager (Male) |
| 14:56 | Construir | Town Center |
| 15:07 | Construir | Farm |
| 15:08 | Crear | Villager (Male) |
| 15:36 | Crear | Villager (Male) |
| 15:38 | Construir | Farm |
| 15:52 | Crear | Villager (Male) |
| 15:57 | Construir | Farm |
| 16:02 | Crear | Villager (Male) |
| 16:03 | Crear | Villager (Male) |
| 16:08 | Crear | Villager (Male) |
| 16:08 | Crear | Villager (Male) |
| 16:08 | Crear | Villager (Male) |
| 16:09 | Crear | Villager (Male) |
| 16:14 | Construir | Farm |
| 16:18 | Construir | Farm |
| 16:20 | Construir | Farm |
| 16:22 | Construir | Farm |
| 16:24 | Construir | Farm |
| 16:30 | Construir | Farm |
| 16:33 | Crear | Villager (Male) |
| 16:35 | Crear | Villager (Male) |
| 16:36 | Crear | Villager (Male) |
| 16:36 | Crear | Villager (Male) |
| 16:48 | Construir | Farm |
| 16:50 | Crear | Villager (Male) |
| 16:50 | Crear | Villager (Male) |
| 16:55 | Construir | Farm |
| 16:57 | Construir | Farm |
| 17:10 | Construir | Farm |
| 17:11 | Crear | Villager (Male) |
| 17:12 | Crear | Villager (Male) |
| 17:13 | Crear | Villager (Male) |
| 17:14 | Crear | Villager (Male) |
| 17:17 | Construir | Farm |
| 17:22 | Construir | House |
| 17:24 | Construir | House |
| 17:25 | Investigar | Loom |
| 17:32 | Construir | Farm |
| 17:33 | Crear | Villager (Male) |
| 17:42 | Construir | Farm |
| 17:43 | Crear | Villager (Male) |
| 17:43 | Crear | Villager (Male) |
| 17:58 | Crear | Villager (Male) |
| 17:58 | Crear | Villager (Male) |
| 17:58 | Crear | Villager (Male) |
| 18:03 | Construir | House |
| 18:05 | Construir | House |
| 18:07 | Crear | Villager (Male) |
| 18:12 | Construir | Farm |
| 18:17 | Construir | Farm |
| 18:28 | Construir | Farm |
| 18:31 | Crear | Villager (Male) |
| 18:31 | Crear | Villager (Male) |
| 18:38 | Construir | Farm |
| 18:46 | Investigar | Wheelbarrow |
| 18:55 | Crear | Villager (Male) |
| 19:00 | Construir | Farm |
| 19:03 | Crear | Villager (Male) |
| 19:03 | Crear | Villager (Male) |
| 19:07 | Construir | Farm |
| 19:13 | Crear | Villager (Male) |
| 19:14 | Crear | Villager (Male) |
| 19:23 | Construir | Farm |
| 19:30 | Crear | Villager (Male) |
| 19:37 | Construir | House |
| 19:39 | Construir | House |
| 19:42 | Crear | Villager (Male) |
| 19:43 | Crear | Villager (Male) |
| 19:59 | Construir | Farm |
| 20:08 | Construir | Town Center |
| 20:16 | Crear | Villager (Male) |
| 20:25 | Crear | Villager (Male) |
| 20:26 | Crear | Villager (Male) |
| 20:26 | Crear | Villager (Male) |
| 20:29 | Construir | House |
| 20:30 | Construir | House |
| 20:42 | Construir | Farm |
| 20:51 | Construir | Farm |
| 20:58 | Crear | Villager (Male) |
| 20:59 | Crear | Villager (Male) |
| 20:59 | Crear | Villager (Male) |
| 21:00 | Crear | Villager (Male) |
| 21:03 | Construir | Farm |
| 21:07 | Construir | House |
| 21:07 | Construir | House |
| 21:09 | Construir | Barracks |
| 21:30 | Crear | Villager (Male) |
| 21:30 | Crear | Villager (Male) |
| 21:30 | Crear | Villager (Male) |
| 21:31 | Crear | Villager (Male) |
| 21:42 | Construir | Farm |
| 21:43 | Construir | Farm |
| 21:43 | Construir | Farm |
| 21:44 | Construir | Farm |
| 21:52 | Investigar | Town Watch |
| 21:58 | Crear | Villager (Male) |
| 21:58 | Crear | Villager (Male) |
| 22:09 | Construir | Monastery |
| 22:11 | Crear | Villager (Male) |
Build order — lobo
Primeras 150 de 312 acciones detectadas
| 0:04 | Crear | Villager (Male) |
| 0:05 | Crear | Villager (Male) |
| 0:11 | Construir | House |
| 0:14 | Construir | House |
| 0:46 | Crear | Villager (Male) |
| 0:56 | Crear | Villager (Male) |
| 0:56 | Crear | Villager (Male) |
| 1:28 | Crear | Villager (Male) |
| 1:50 | Construir | Lumber Camp |
| 2:16 | Crear | Villager (Male) |
| 2:36 | Crear | Villager (Male) |
| 3:11 | Crear | Villager (Male) |
| 3:12 | Crear | Villager (Male) |
| 3:42 | Construir | House |
| 3:53 | Crear | Villager (Male) |
| 4:26 | Crear | Villager (Male) |
| 4:29 | Crear | Villager (Male) |
| 5:14 | Crear | Villager (Male) |
| 5:19 | Crear | Villager (Male) |
| 5:32 | Construir | House |
| 5:33 | Construir | House |
| 6:17 | Crear | Villager (Male) |
| 6:18 | Crear | Villager (Male) |
| 6:52 | Construir | Mill |
| 7:15 | Crear | Villager (Male) |
| 7:32 | Crear | Villager (Male) |
| 7:53 | Crear | Villager (Male) |
| 7:53 | Crear | Villager (Male) |
| 7:54 | Crear | Villager (Male) |
| 7:54 | Crear | Villager (Male) |
| 9:33 | Crear | Villager (Male) |
| 9:36 | Crear | Villager (Male) |
| 9:53 | Construir | Mining Camp |
| 10:06 | Crear | Villager (Male) |
| 10:07 | Crear | Villager (Male) |
| 11:12 | Investigar | Feudal Age |
| 13:05 | Crear | Villager (Male) |
| 13:05 | Crear | Villager (Male) |
| 13:36 | Edad | Edad Feudal |
| 13:38 | Construir | Market |
| 13:42 | Construir | Blacksmith |
| 13:53 | Investigar | Horse Collar |
| 13:56 | Construir | Farm |
| 13:56 | Construir | Farm |
| 13:59 | Construir | Farm |
| 13:59 | Construir | Farm |
| 14:00 | Construir | Farm |
| 14:00 | Construir | Farm |
| 14:01 | Construir | Farm |
| 14:23 | Construir | Farm |
| 14:31 | Investigar | Castle Age |
| 14:32 | Investigar | Castle Age |
| 14:56 | Construir | Farm |
| 14:58 | Construir | Farm |
| 15:04 | Construir | Farm |
| 15:06 | Construir | Farm |
| 15:09 | Construir | Farm |
| 15:12 | Construir | Farm |
| 15:14 | Construir | Farm |
| 15:20 | Construir | Farm |
| 15:24 | Construir | Farm |
| 15:26 | Construir | Farm |
| 15:33 | Investigar | Double-Bit Axe |
| 16:04 | Construir | House |
| 16:53 | Crear | Villager (Male) |
| 16:53 | Crear | Villager (Male) |
| 17:11 | Edad | Edad de los Castillos |
| 17:14 | Construir | Siege Workshop |
| 17:21 | Construir | University |
| 18:00 | Crear | Villager (Male) |
| 18:48 | Investigar | Imperial Age |
| 18:48 | Investigar | Imperial Age |
| 18:56 | Construir | Mining Camp |
| 19:38 | Investigar | Gold Mining |
| 19:41 | Investigar | Stone Mining |
| 19:41 | Investigar | Stone Mining |
| 19:56 | Construir | House |
| 19:57 | Construir | House |
| 19:58 | Construir | House |
| 20:54 | Construir | House |
| 20:58 | Construir | House |
| 20:59 | Construir | House |
| 21:58 | Edad | Edad Imperial |
| 22:03 | Construir | Feitoria |
| 22:16 | Construir | House |
| 22:17 | Construir | House |
| 22:18 | Construir | House |
| 22:19 | Construir | House |
| 22:35 | Construir | Feitoria |
| 23:16 | Construir | House |
| 23:18 | Construir | House |
| 23:19 | Construir | House |
| 23:20 | Construir | House |
| 23:21 | Construir | House |
| 23:23 | Construir | House |
| 23:24 | Construir | House |
| 24:00 | Construir | Feitoria |
| 24:19 | Construir | House |
| 24:20 | Construir | House |
| 24:21 | Construir | House |
| 24:22 | Construir | House |
| 24:24 | Construir | House |
| 24:24 | Construir | House |
| 24:25 | Construir | House |
| 25:08 | Construir | Feitoria |
| 25:18 | Construir | House |
| 25:19 | Construir | House |
| 25:39 | Investigar | Forging |
| 25:40 | Investigar | Scale Barding Armor |
| 25:53 | Construir | Feitoria |
| 26:01 | Construir | Barracks |
| 26:57 | Construir | Stable |
| 27:01 | Investigar | Chain Barding Armor |
| 27:02 | Investigar | Iron Casting |
| 27:11 | Construir | Feitoria |
| 27:19 | Construir | House |
| 27:21 | Construir | House |
| 27:22 | Construir | House |
| 27:24 | Construir | House |
| 27:28 | Construir | House |
| 27:30 | Construir | House |
| 27:43 | Investigar | Bloodlines |
| 27:44 | Investigar | Husbandry |
| 27:48 | Construir | Stable |
| 28:04 | Construir | Feitoria |
| 28:10 | Construir | House |
| 28:12 | Construir | House |
| 28:13 | Construir | House |
| 28:14 | Construir | House |
| 28:26 | Crear | Knight |
| 28:29 | Investigar | Plate Barding Armor |
| 28:29 | Investigar | Plate Barding Armor |
| 28:38 | Crear | Knight |
| 28:39 | Crear | Knight |
| 28:56 | Crear | Knight |
| 28:56 | Crear | Knight |
| 29:06 | Construir | Mining Camp |
| 29:11 | Crear | Knight |
| 29:11 | Crear | Knight |
| 29:16 | Construir | Stable |
| 29:20 | Crear | Knight |
| 29:26 | Investigar | Chemistry |
| 29:39 | Crear | Knight |
| 29:50 | Crear | Knight |
| 29:57 | Construir | Stable |
| 30:16 | Crear | Knight |
| 30:16 | Crear | Knight |
| 30:33 | Crear | Knight |
| 30:49 | Investigar | Blast Furnace |
| 30:49 | Investigar | Blast Furnace |
Build order — BSV_Ariadna
Primeras 150 de 673 acciones detectadas
| 0:02 | Construir | House |
| 0:02 | Crear | Villager (Male) |
| 0:03 | Crear | Villager (Male) |
| 0:04 | Construir | House |
| 0:06 | Crear | Villager (Male) |
| 0:10 | Crear | Villager (Male) |
| 0:10 | Crear | Villager (Male) |
| 1:25 | Crear | Villager (Male) |
| 1:50 | Crear | Villager (Male) |
| 1:50 | Crear | Villager (Male) |
| 1:51 | Construir | Lumber Camp |
| 1:55 | Construir | Lumber Camp |
| 2:25 | Crear | Villager (Male) |
| 2:25 | Crear | Villager (Male) |
| 2:55 | Crear | Villager (Male) |
| 2:55 | Crear | Villager (Male) |
| 3:17 | Crear | Villager (Male) |
| 3:22 | Crear | Villager (Male) |
| 3:22 | Crear | Villager (Male) |
| 3:59 | Construir | House |
| 4:02 | Crear | Villager (Male) |
| 4:17 | Construir | Mill |
| 4:36 | Crear | Villager (Male) |
| 4:45 | Crear | Villager (Male) |
| 5:10 | Crear | Villager (Male) |
| 5:24 | Construir | House |
| 5:44 | Crear | Villager (Male) |
| 5:51 | Construir | House |
| 5:56 | Crear | Villager (Male) |
| 6:25 | Crear | Villager (Male) |
| 6:44 | Crear | Villager (Male) |
| 7:11 | Construir | Farm |
| 7:14 | Construir | Farm |
| 7:18 | Construir | Farm |
| 7:20 | Crear | Villager (Male) |
| 7:34 | Construir | House |
| 7:38 | Investigar | Feudal Age |
| 7:39 | Investigar | Feudal Age |
| 7:44 | Construir | Farm |
| 7:49 | Crear | Villager (Male) |
| 8:00 | Investigar | Feudal Age |
| 8:00 | Investigar | Feudal Age |
| 8:05 | Crear | Villager (Male) |
| 8:06 | Investigar | Feudal Age |
| 8:06 | Investigar | Feudal Age |
| 8:32 | Construir | Mining Camp |
| 8:46 | Construir | House |
| 8:48 | Construir | House |
| 9:03 | Construir | Palisade Wall |
| 9:29 | Construir | Palisade Wall |
| 9:31 | Construir | Palisade Wall |
| 9:57 | Construir | Palisade Wall |
| 10:12 | Construir | Palisade Wall |
| 10:29 | Crear | Villager (Male) |
| 10:58 | Edad | Edad Feudal |
| 11:04 | Construir | Market |
| 11:06 | Construir | Blacksmith |
| 11:12 | Crear | Villager (Male) |
| 12:04 | Investigar | Castle Age |
| 12:21 | Construir | Mining Camp |
| 12:58 | Investigar | Double-Bit Axe |
| 13:57 | Construir | House |
| 13:59 | Construir | Stone Wall |
| 14:28 | Construir | Lumber Camp |
| 14:44 | Edad | Edad de los Castillos |
| 14:46 | Construir | Siege Workshop |
| 14:49 | Crear | Villager (Male) |
| 14:50 | Crear | Villager (Male) |
| 15:21 | Crear | Mangonel |
| 15:35 | Construir | Farm |
| 15:38 | Crear | Villager (Male) |
| 16:00 | Crear | Villager (Male) |
| 16:08 | Crear | Mangonel |
| 16:08 | Crear | Mangonel |
| 16:13 | Crear | Villager (Male) |
| 16:22 | Crear | Villager (Male) |
| 16:22 | Crear | Villager (Male) |
| 16:42 | Crear | Villager (Male) |
| 16:44 | Crear | Mangonel |
| 17:23 | Crear | Villager (Male) |
| 17:54 | Construir | Farm |
| 18:24 | Construir | Farm |
| 18:37 | Construir | Mill |
| 18:39 | Construir | Farm |
| 18:40 | Construir | Farm |
| 18:43 | Crear | Villager (Male) |
| 19:00 | Construir | Mining Camp |
| 19:15 | Crear | Villager (Male) |
| 19:15 | Crear | Villager (Male) |
| 19:21 | Construir | Farm |
| 19:39 | Construir | Stone Wall |
| 19:44 | Construir | Stone Wall |
| 19:44 | Crear | Villager (Male) |
| 19:45 | Crear | Villager (Male) |
| 19:51 | Crear | Villager (Male) |
| 20:01 | Construir | Town Center |
| 20:05 | Crear | Villager (Male) |
| 20:33 | Crear | Villager (Male) |
| 20:40 | Investigar | Bow Saw |
| 20:47 | Construir | Farm |
| 20:47 | Construir | Farm |
| 20:47 | Construir | Farm |
| 21:06 | Construir | Farm |
| 21:09 | Crear | Villager (Male) |
| 21:16 | Crear | Villager (Male) |
| 21:28 | Construir | Farm |
| 21:32 | Construir | Farm |
| 21:48 | Crear | Villager (Male) |
| 21:49 | Crear | Villager (Male) |
| 21:55 | Construir | Farm |
| 21:58 | Construir | Farm |
| 22:00 | Construir | Farm |
| 22:01 | Crear | Villager (Male) |
| 22:05 | Construir | Farm |
| 22:15 | Crear | Villager (Male) |
| 22:22 | Crear | Villager (Male) |
| 22:22 | Crear | Villager (Male) |
| 22:41 | Construir | Farm |
| 22:43 | Construir | Farm |
| 22:43 | Crear | Villager (Male) |
| 22:46 | Construir | House |
| 22:51 | Construir | House |
| 22:52 | Crear | Villager (Male) |
| 22:52 | Crear | Villager (Male) |
| 23:16 | Crear | Villager (Male) |
| 23:25 | Construir | House |
| 23:26 | Construir | House |
| 23:27 | Crear | Villager (Male) |
| 23:28 | Crear | Villager (Male) |
| 23:44 | Crear | Villager (Male) |
| 23:53 | Investigar | Wheelbarrow |
| 23:53 | Investigar | Wheelbarrow |
| 24:07 | Construir | House |
| 24:10 | Construir | House |
| 24:11 | Crear | Villager (Male) |
| 24:19 | Crear | Villager (Male) |
| 24:19 | Crear | Villager (Male) |
| 24:24 | Construir | Farm |
| 24:28 | Construir | Farm |
| 24:40 | Construir | Castle |
| 25:04 | Crear | Villager (Male) |
| 25:05 | Crear | Villager (Male) |
| 25:07 | Construir | House |
| 25:08 | Construir | House |
| 25:11 | Investigar | Horse Collar |
| 25:15 | Construir | Farm |
| 25:18 | Construir | Farm |
| 25:20 | Construir | Lumber Camp |
| 25:20 | Crear | Villager (Male) |
| 25:22 | Crear | Villager (Male) |
Build order — Snorkiss89
Primeras 150 de 736 acciones detectadas
| 0:01 | Crear | Villager (Male) |
| 0:01 | Crear | Villager (Male) |
| 0:03 | Construir | House |
| 0:04 | Construir | House |
| 0:23 | Crear | Villager (Male) |
| 0:24 | Crear | Villager (Male) |
| 0:24 | Crear | Villager (Male) |
| 1:28 | Crear | Villager (Male) |
| 1:55 | Crear | Villager (Male) |
| 2:03 | Construir | Lumber Camp |
| 2:31 | Crear | Villager (Male) |
| 2:38 | Construir | House |
| 2:39 | Construir | House |
| 2:57 | Crear | Villager (Male) |
| 3:07 | Crear | Villager (Male) |
| 3:46 | Crear | Villager (Male) |
| 3:47 | Crear | Villager (Male) |
| 4:09 | Crear | Villager (Male) |
| 4:31 | Crear | Villager (Male) |
| 4:31 | Crear | Villager (Male) |
| 4:37 | Crear | Villager (Male) |
| 4:37 | Crear | Villager (Male) |
| 4:51 | Crear | Villager (Male) |
| 5:52 | Construir | Mill |
| 5:56 | Crear | Villager (Male) |
| 5:57 | Crear | Villager (Male) |
| 6:31 | Crear | Villager (Male) |
| 6:31 | Crear | Villager (Male) |
| 7:20 | Crear | Villager (Male) |
| 7:38 | Crear | Villager (Male) |
| 8:13 | Construir | Farm |
| 8:27 | Crear | Villager (Male) |
| 8:33 | Construir | Mining Camp |
| 8:36 | Investigar | Feudal Age |
| 9:47 | Construir | House |
| 10:46 | Crear | Villager (Male) |
| 10:46 | Crear | Villager (Male) |
| 11:02 | Edad | Edad Feudal |
| 11:03 | Construir | Market |
| 11:06 | Construir | Blacksmith |
| 11:43 | Construir | House |
| 11:51 | Investigar | Castle Age |
| 12:27 | Investigar | Double-Bit Axe |
| 12:27 | Investigar | Double-Bit Axe |
| 12:29 | Investigar | Horse Collar |
| 13:22 | Construir | Farm |
| 13:23 | Construir | Farm |
| 14:32 | Edad | Edad de los Castillos |
| 14:34 | Crear | Villager (Male) |
| 14:36 | Construir | Town Center |
| 14:43 | Construir | Monastery |
| 14:48 | Investigar | Bow Saw |
| 14:53 | Construir | Town Center |
| 14:59 | Crear | Villager (Male) |
| 15:01 | Construir | Farm |
| 15:18 | Crear | Monk |
| 15:30 | Crear | Villager (Male) |
| 15:33 | Construir | Farm |
| 15:37 | Crear | Villager (Male) |
| 15:41 | Construir | Farm |
| 15:43 | Construir | Farm |
| 15:51 | Construir | Farm |
| 15:52 | Crear | Villager (Male) |
| 15:56 | Construir | Farm |
| 15:58 | Construir | Farm |
| 16:07 | Construir | House |
| 16:14 | Construir | Farm |
| 16:17 | Crear | Villager (Male) |
| 16:17 | Crear | Villager (Male) |
| 16:19 | Investigar | Fervor |
| 16:22 | Construir | Farm |
| 16:28 | Construir | Farm |
| 16:40 | Crear | Villager (Male) |
| 16:40 | Crear | Villager (Male) |
| 16:46 | Construir | Farm |
| 16:51 | Construir | Farm |
| 16:54 | Crear | Villager (Male) |
| 16:59 | Construir | Farm |
| 17:02 | Construir | Farm |
| 17:08 | Construir | House |
| 17:09 | Crear | Villager (Male) |
| 17:09 | Crear | Villager (Male) |
| 17:12 | Construir | Farm |
| 17:14 | Crear | Villager (Male) |
| 17:20 | Crear | Villager (Male) |
| 17:32 | Construir | House |
| 17:35 | Crear | Villager (Male) |
| 17:35 | Crear | Villager (Male) |
| 17:39 | Construir | Farm |
| 17:47 | Crear | Villager (Male) |
| 17:50 | Crear | Villager (Male) |
| 17:54 | Construir | Farm |
| 17:56 | Construir | Farm |
| 18:02 | Construir | Farm |
| 18:04 | Crear | Villager (Male) |
| 18:05 | Crear | Villager (Male) |
| 18:09 | Construir | Farm |
| 18:11 | Crear | Villager (Male) |
| 18:11 | Crear | Villager (Male) |
| 18:13 | Crear | Villager (Male) |
| 18:13 | Crear | Villager (Male) |
| 18:18 | Construir | House |
| 18:18 | Construir | House |
| 18:20 | Crear | Villager (Male) |
| 18:32 | Crear | Villager (Male) |
| 18:35 | Construir | Farm |
| 18:36 | Crear | Villager (Male) |
| 18:46 | Crear | Villager (Male) |
| 19:02 | Crear | Villager (Male) |
| 19:02 | Crear | Villager (Male) |
| 19:19 | Crear | Villager (Male) |
| 19:19 | Crear | Villager (Male) |
| 19:25 | Construir | Town Center |
| 19:27 | Crear | Villager (Male) |
| 19:27 | Crear | Villager (Male) |
| 19:30 | Construir | House |
| 19:31 | Construir | House |
| 19:43 | Investigar | Heavy Plow |
| 19:52 | Investigar | Wheelbarrow |
| 19:52 | Investigar | Wheelbarrow |
| 20:01 | Crear | Villager (Male) |
| 20:02 | Crear | Villager (Male) |
| 20:02 | Crear | Villager (Male) |
| 20:09 | Crear | Villager (Male) |
| 20:28 | Crear | Villager (Male) |
| 20:28 | Crear | Villager (Male) |
| 20:28 | Crear | Villager (Male) |
| 20:32 | Construir | Farm |
| 20:33 | Construir | Farm |
| 20:34 | Construir | Farm |
| 20:37 | Construir | Farm |
| 20:39 | Construir | Farm |
| 20:41 | Construir | Farm |
| 20:42 | Crear | Villager (Male) |
| 20:42 | Crear | Villager (Male) |
| 20:43 | Crear | Villager (Male) |
| 20:46 | Construir | House |
| 20:47 | Construir | House |
| 20:47 | Construir | House |
| 20:55 | Crear | Villager (Male) |
| 20:56 | Crear | Villager (Male) |
| 21:00 | Construir | Farm |
| 21:07 | Construir | Lumber Camp |
| 21:12 | Construir | Farm |
| 21:13 | Crear | Villager (Male) |
| 21:22 | Crear | Villager (Male) |
| 21:22 | Crear | Villager (Male) |
| 21:32 | Investigar | Hand Cart |
| 21:32 | Investigar | Hand Cart |
| 21:40 | Construir | Farm |
Build order — ExtremeTreant
Primeras 150 de 306 acciones detectadas
| 0:02 | Construir | House |
| 0:04 | Construir | House |
| 0:05 | Crear | Villager (Male) |
| 0:05 | Crear | Villager (Male) |
| 0:05 | Crear | Villager (Male) |
| 0:05 | Crear | Villager (Male) |
| 1:24 | Construir | House |
| 1:36 | Crear | Villager (Male) |
| 1:56 | Crear | Villager (Male) |
| 2:20 | Crear | Villager (Male) |
| 2:48 | Crear | Villager (Male) |
| 3:09 | Crear | Villager (Male) |
| 3:39 | Crear | Villager (Male) |
| 4:15 | Crear | Villager (Male) |
| 4:28 | Construir | Mill |
| 4:31 | Crear | Villager (Male) |
| 4:45 | Crear | Villager (Male) |
| 5:11 | Construir | House |
| 5:19 | Crear | Villager (Male) |
| 5:24 | Crear | Villager (Male) |
| 5:40 | Investigar | Loom |
| 6:31 | Investigar | Feudal Age |
| 8:55 | Edad | Edad Feudal |
| 10:16 | Investigar | Castle Age |
| 11:34 | Construir | Stable |
| 11:35 | Construir | House |
| 11:41 | Crear | Villager (Male) |
| 12:29 | Construir | Mining Camp |
| 12:43 | Crear | Villager (Male) |
| 12:51 | Construir | House |
| 12:56 | Edad | Edad de los Castillos |
| 12:58 | Crear | Knight |
| 13:00 | Crear | Knight |
| 13:17 | Construir | Farm |
| 13:22 | Crear | Knight |
| 13:54 | Crear | Villager (Male) |
| 14:11 | Construir | Lumber Camp |
| 14:13 | Crear | Villager (Male) |
| 14:54 | Crear | Villager (Male) |
| 15:13 | Crear | Villager (Male) |
| 15:29 | Construir | Farm |
| 15:51 | Construir | Lumber Camp |
| 16:13 | Construir | Farm |
| 16:21 | Crear | Villager (Male) |
| 16:21 | Crear | Villager (Male) |
| 16:35 | Construir | Farm |
| 16:58 | Construir | Farm |
| 17:03 | Construir | Farm |
| 17:12 | Construir | Farm |
| 17:22 | Crear | Knight |
| 17:34 | Construir | Farm |
| 17:44 | Crear | Villager (Male) |
| 17:44 | Crear | Villager (Male) |
| 17:50 | Construir | Farm |
| 17:59 | Construir | Farm |
| 18:04 | Crear | Villager (Male) |
| 18:22 | Construir | Farm |
| 18:25 | Crear | Knight |
| 18:43 | Construir | Farm |
| 18:44 | Crear | Villager (Male) |
| 18:55 | Crear | Knight |
| 19:08 | Crear | Villager (Male) |
| 19:08 | Crear | Villager (Male) |
| 19:09 | Crear | Villager (Male) |
| 19:15 | Construir | Farm |
| 19:22 | Crear | Knight |
| 19:23 | Crear | Knight |
| 20:08 | Construir | House |
| 20:21 | Crear | Knight |
| 20:21 | Crear | Knight |
| 20:29 | Construir | Watch Tower |
| 20:36 | Crear | Knight |
| 20:47 | Crear | Villager (Male) |
| 20:48 | Crear | Villager (Male) |
| 20:55 | Crear | Knight |
| 21:12 | Crear | Knight |
| 22:10 | Construir | Market |
| 22:51 | Construir | Town Center |
| 23:10 | Crear | Knight |
| 23:33 | Investigar | Wheelbarrow |
| 23:57 | Crear | Villager (Male) |
| 23:58 | Crear | Villager (Male) |
| 23:58 | Crear | Villager (Male) |
| 23:58 | Crear | Villager (Male) |
| 24:39 | Crear | Villager (Male) |
| 24:45 | Construir | Farm |
| 24:45 | Construir | Farm |
| 24:46 | Construir | Farm |
| 24:46 | Construir | Farm |
| 24:46 | Construir | Farm |
| 24:46 | Construir | Farm |
| 25:21 | Construir | House |
| 25:22 | Construir | House |
| 25:23 | Construir | House |
| 25:24 | Construir | House |
| 25:50 | Crear | Villager (Male) |
| 26:26 | Construir | House |
| 26:37 | Crear | Villager (Male) |
| 27:05 | Construir | Lumber Camp |
| 27:06 | Crear | Villager (Male) |
| 27:13 | Construir | Stable |
| 27:19 | Crear | Villager (Male) |
| 27:50 | Crear | Villager (Male) |
| 28:08 | Investigar | Light Cavalry (upgrade) |
| 28:16 | Crear | Villager (Male) |
| 28:50 | Crear | Villager (Male) |
| 29:02 | Construir | Farm |
| 29:02 | Construir | Farm |
| 29:02 | Construir | Farm |
| 29:03 | Construir | Farm |
| 29:03 | Construir | Farm |
| 29:03 | Construir | Farm |
| 29:03 | Construir | Farm |
| 29:07 | Crear | Villager (Male) |
| 29:22 | Crear | Villager (Male) |
| 29:51 | Crear | Scout Cavalry |
| 30:10 | Crear | Scout Cavalry |
| 30:23 | Crear | Villager (Male) |
| 30:34 | Crear | Villager (Male) |
| 30:54 | Crear | Scout Cavalry |
| 30:54 | Crear | Scout Cavalry |
| 31:10 | Crear | Villager (Male) |
| 31:26 | Crear | Scout Cavalry |
| 31:37 | Construir | Farm |
| 31:37 | Construir | Farm |
| 31:41 | Construir | Farm |
| 31:42 | Construir | Farm |
| 31:44 | Construir | Farm |
| 31:47 | Construir | Farm |
| 31:48 | Construir | Farm |
| 31:50 | Crear | Villager (Male) |
| 31:58 | Crear | Scout Cavalry |
| 31:58 | Crear | Scout Cavalry |
| 32:15 | Crear | Villager (Male) |
| 32:27 | Crear | Scout Cavalry |
| 32:39 | Crear | Villager (Male) |
| 32:50 | Crear | Scout Cavalry |
| 32:59 | Construir | Blacksmith |
| 33:04 | Crear | Villager (Male) |
| 33:21 | Crear | Villager (Male) |
| 33:32 | Construir | Farm |
| 33:36 | Crear | Villager (Male) |
| 33:38 | Crear | Scout Cavalry |
| 33:52 | Crear | Scout Cavalry |
| 34:09 | Construir | Mining Camp |
| 34:13 | Crear | Villager (Male) |
| 34:15 | Crear | Scout Cavalry |
| 34:26 | Crear | Villager (Male) |
| 34:42 | Crear | Scout Cavalry |
| 34:50 | Crear | Villager (Male) |
Build order — Signal&Command to me=mute&report
Primeras 150 de 729 acciones detectadas
| 0:02 | Crear | Villager (Male) |
| 0:03 | Crear | Villager (Male) |
| 0:03 | Crear | Villager (Male) |
| 0:03 | Crear | Villager (Male) |
| 0:05 | Construir | House |
| 0:06 | Construir | House |
| 1:21 | Construir | Mill |
| 1:32 | Crear | Villager (Male) |
| 1:33 | Crear | Villager (Male) |
| 2:03 | Crear | Villager (Male) |
| 2:03 | Crear | Villager (Male) |
| 2:30 | Crear | Villager (Male) |
| 2:30 | Crear | Villager (Male) |
| 3:02 | Crear | Villager (Male) |
| 3:17 | Crear | Villager (Male) |
| 3:17 | Crear | Villager (Male) |
| 3:22 | Crear | Villager (Male) |
| 3:36 | Crear | Villager (Male) |
| 3:37 | Crear | Villager (Male) |
| 3:44 | Crear | Villager (Male) |
| 3:44 | Crear | Villager (Male) |
| 3:58 | Construir | House |
| 4:24 | Crear | Villager (Male) |
| 4:37 | Construir | House |
| 4:47 | Crear | Villager (Male) |
| 4:48 | Crear | Villager (Male) |
| 5:19 | Crear | Villager (Male) |
| 5:26 | Crear | Villager (Male) |
| 5:54 | Investigar | Loom |
| 6:21 | Investigar | Feudal Age |
| 7:17 | Construir | House |
| 7:35 | Crear | Villager (Male) |
| 7:35 | Crear | Villager (Male) |
| 8:31 | Edad | Edad Feudal |
| 8:32 | Construir | Blacksmith |
| 8:40 | Construir | Watch Tower |
| 9:00 | Crear | Villager (Male) |
| 9:01 | Crear | Villager (Male) |
| 9:11 | Investigar | Fletching |
| 9:54 | Crear | Villager (Male) |
| 10:14 | Construir | House |
| 10:15 | Construir | House |
| 10:41 | Construir | Watch Tower |
| 11:08 | Crear | Villager (Male) |
| 11:09 | Crear | Villager (Male) |
| 11:37 | Crear | Villager (Male) |
| 11:52 | Crear | Villager (Male) |
| 12:00 | Construir | Watch Tower |
| 12:25 | Investigar | Double-Bit Axe |
| 12:37 | Construir | Stone Wall |
| 12:41 | Crear | Villager (Male) |
| 12:51 | Construir | Stone Wall |
| 12:53 | Construir | Stone Wall |
| 13:01 | Construir | Watch Tower |
| 13:06 | Construir | Stone Wall |
| 13:07 | Construir | Stone Wall |
| 13:13 | Crear | Villager (Male) |
| 13:29 | Construir | Watch Tower |
| 13:38 | Crear | Villager (Male) |
| 13:59 | Crear | Villager (Male) |
| 14:02 | Investigar | Horse Collar |
| 14:26 | Crear | Villager (Male) |
| 14:39 | Construir | Watch Tower |
| 14:50 | Construir | Mill |
| 14:59 | Crear | Villager (Male) |
| 15:11 | Crear | Villager (Male) |
| 15:22 | Crear | Villager (Male) |
| 15:26 | Construir | Farm |
| 15:27 | Construir | Farm |
| 15:29 | Construir | Farm |
| 15:29 | Construir | Farm |
| 15:31 | Construir | House |
| 15:49 | Construir | Stone Wall |
| 15:51 | Construir | Stone Wall |
| 15:52 | Construir | Stone Wall |
| 15:59 | Construir | Farm |
| 16:03 | Crear | Villager (Male) |
| 16:41 | Crear | Villager (Male) |
| 16:50 | Construir | Watch Tower |
| 16:54 | Construir | Farm |
| 16:56 | Construir | Farm |
| 16:58 | Construir | House |
| 17:02 | Crear | Villager (Male) |
| 17:11 | Crear | Villager (Male) |
| 17:33 | Crear | Villager (Male) |
| 17:58 | Construir | Mule Cart |
| 17:59 | Construir | Farm |
| 18:03 | Crear | Villager (Male) |
| 18:26 | Crear | Villager (Male) |
| 18:32 | Construir | Mule Cart |
| 18:40 | Construir | Gate |
| 18:49 | Construir | Farm |
| 18:49 | Construir | Farm |
| 18:51 | Construir | Farm |
| 18:52 | Construir | Farm |
| 18:58 | Construir | Farm |
| 18:59 | Crear | Villager (Male) |
| 19:02 | Construir | Stone Wall |
| 19:20 | Crear | Villager (Male) |
| 19:28 | Construir | Stone Wall |
| 19:40 | Crear | Villager (Male) |
| 20:01 | Construir | Market |
| 20:11 | Crear | Villager (Male) |
| 20:18 | Construir | Stone Wall |
| 20:47 | Construir | Farm |
| 20:56 | Investigar | Castle Age |
| 20:57 | Investigar | Castle Age |
| 21:22 | Construir | House |
| 21:23 | Construir | House |
| 21:24 | Construir | House |
| 21:26 | Construir | House |
| 21:27 | Construir | House |
| 21:29 | Investigar | Gold Mining |
| 21:56 | Investigar | Stone Mining |
| 21:56 | Investigar | Stone Mining |
| 23:01 | Investigar | Wheelbarrow |
| 23:33 | Crear | Villager (Male) |
| 23:36 | Edad | Edad de los Castillos |
| 23:40 | Construir | Town Center |
| 23:43 | Construir | Monastery |
| 23:45 | Investigar | Heavy Plow |
| 23:50 | Investigar | Bow Saw |
| 23:51 | Investigar | Bow Saw |
| 23:55 | Construir | Town Center |
| 24:03 | Construir | Town Center |
| 24:06 | Construir | House |
| 24:07 | Construir | House |
| 24:10 | Crear | Villager (Male) |
| 24:25 | Crear | Villager (Male) |
| 24:34 | Crear | Villager (Male) |
| 24:56 | Crear | Villager (Male) |
| 25:02 | Crear | Villager (Male) |
| 25:04 | Crear | Villager (Male) |
| 25:05 | Crear | Villager (Male) |
| 25:17 | Crear | Villager (Male) |
| 25:19 | Construir | House |
| 25:21 | Construir | Farm |
| 25:34 | Construir | Monastery |
| 25:36 | Crear | Villager (Male) |
| 25:44 | Construir | Castle |
| 25:50 | Crear | Villager (Male) |
| 25:51 | Crear | Villager (Male) |
| 26:06 | Construir | Farm |
| 26:07 | Crear | Villager (Male) |
| 26:08 | Crear | Villager (Male) |
| 26:21 | Crear | Villager (Male) |
| 26:25 | Construir | House |
| 26:28 | Crear | Villager (Male) |
| 26:35 | Construir | Farm |
| 26:39 | Construir | Farm |
Build order — Loto
Primeras 150 de 554 acciones detectadas
| 0:01 | Crear | Villager (Male) |
| 0:02 | Crear | Villager (Male) |
| 0:04 | Construir | House |
| 0:06 | Construir | House |
| 0:38 | Crear | Villager (Male) |
| 0:39 | Crear | Villager (Male) |
| 0:39 | Crear | Villager (Male) |
| 1:43 | Crear | Villager (Male) |
| 1:44 | Crear | Villager (Male) |
| 2:13 | Crear | Villager (Male) |
| 2:13 | Crear | Villager (Male) |
| 2:36 | Crear | Villager (Male) |
| 2:36 | Crear | Villager (Male) |
| 2:37 | Crear | Villager (Male) |
| 3:14 | Crear | Villager (Male) |
| 3:14 | Crear | Villager (Male) |
| 3:29 | Construir | Lumber Camp |
| 3:48 | Crear | Villager (Male) |
| 3:48 | Crear | Villager (Male) |
| 3:55 | Investigar | Double-Bit Axe |
| 4:35 | Construir | House |
| 4:46 | Investigar | Loom |
| 4:50 | Construir | House |
| 4:51 | Construir | House |
| 5:02 | Crear | Villager (Male) |
| 5:03 | Crear | Villager (Male) |
| 5:22 | Crear | Villager (Male) |
| 5:48 | Construir | House |
| 6:02 | Construir | Mining Camp |
| 6:08 | Crear | Villager (Male) |
| 6:08 | Crear | Villager (Male) |
| 6:22 | Crear | Villager (Male) |
| 6:52 | Crear | Villager (Male) |
| 7:02 | Investigar | Gold Mining |
| 7:08 | Construir | Mill |
| 8:14 | Crear | Villager (Male) |
| 8:14 | Crear | Villager (Male) |
| 8:25 | Investigar | Wheelbarrow |
| 8:25 | Crear | Villager (Male) |
| 9:19 | Crear | Villager (Male) |
| 9:26 | Investigar | Horse Collar |
| 10:11 | Construir | Mill |
| 10:24 | Construir | Palisade Wall |
| 10:25 | Construir | Palisade Wall |
| 10:32 | Investigar | Feudal Age |
| 10:33 | Investigar | Feudal Age |
| 10:42 | Construir | Barracks |
| 10:47 | Construir | Palisade Wall |
| 10:49 | Construir | Palisade Wall |
| 10:57 | Construir | Palisade Wall |
| 11:05 | Construir | House |
| 11:19 | Construir | Farm |
| 11:52 | Crear | Villager (Male) |
| 11:52 | Crear | Villager (Male) |
| 12:42 | Edad | Edad Feudal |
| 12:45 | Construir | Market |
| 13:01 | Construir | Blacksmith |
| 13:45 | Investigar | Castle Age |
| 13:45 | Investigar | Castle Age |
| 14:20 | Crear | Flemish Militia |
| 14:22 | Crear | Flemish Militia |
| 14:31 | Construir | Farm |
| 14:32 | Construir | Farm |
| 14:35 | Construir | Farm |
| 14:38 | Construir | Farm |
| 14:52 | Investigar | Bow Saw |
| 14:52 | Investigar | Bow Saw |
| 14:59 | Construir | Lumber Camp |
| 15:20 | Investigar | Heavy Plow |
| 15:26 | Crear | Flemish Militia |
| 15:32 | Crear | Flemish Militia |
| 15:55 | Crear | Villager (Male) |
| 16:02 | Construir | Farm |
| 16:04 | Construir | Farm |
| 16:17 | Crear | Villager (Male) |
| 16:25 | Edad | Edad de los Castillos |
| 16:28 | Construir | House |
| 16:29 | Construir | House |
| 16:30 | Construir | House |
| 16:32 | Construir | House |
| 16:57 | Crear | Villager (Male) |
| 16:59 | Crear | Flemish Militia |
| 17:22 | Construir | Siege Workshop |
| 17:31 | Crear | Flemish Militia |
| 17:32 | Crear | Villager (Male) |
| 17:38 | Crear | Flemish Militia |
| 17:54 | Construir | Farm |
| 18:02 | Crear | Villager (Male) |
| 18:04 | Crear | Villager (Male) |
| 18:07 | Crear | Battering Ram |
| 18:09 | Crear | Flemish Militia |
| 18:18 | Crear | Flemish Militia |
| 18:19 | Crear | Flemish Militia |
| 18:36 | Crear | Villager (Male) |
| 18:40 | Crear | Battering Ram |
| 19:01 | Construir | House |
| 19:02 | Construir | House |
| 19:20 | Construir | Watch Tower |
| 19:24 | Crear | Flemish Militia |
| 19:29 | Investigar | Forging |
| 19:49 | Crear | Flemish Militia |
| 19:52 | Investigar | Scale Mail Armor |
| 19:52 | Investigar | Scale Mail Armor |
| 19:52 | Crear | Villager (Male) |
| 19:53 | Crear | Villager (Male) |
| 20:03 | Crear | Flemish Militia |
| 20:19 | Crear | Battering Ram |
| 20:23 | Crear | Flemish Militia |
| 20:23 | Crear | Flemish Militia |
| 20:32 | Crear | Villager (Male) |
| 20:34 | Crear | Battering Ram |
| 20:43 | Crear | Flemish Militia |
| 20:45 | Investigar | Chain Mail Armor |
| 20:45 | Investigar | Chain Mail Armor |
| 21:15 | Crear | Villager (Male) |
| 21:18 | Crear | Flemish Militia |
| 21:21 | Construir | House |
| 21:23 | Construir | House |
| 21:25 | Construir | Farm |
| 21:26 | Construir | Farm |
| 21:28 | Crear | Villager (Male) |
| 21:31 | Construir | Farm |
| 21:32 | Construir | Farm |
| 21:42 | Crear | Flemish Militia |
| 21:45 | Crear | Battering Ram |
| 21:45 | Crear | Battering Ram |
| 21:50 | Construir | House |
| 21:52 | Construir | House |
| 21:52 | Construir | House |
| 22:19 | Crear | Villager (Male) |
| 22:19 | Crear | Villager (Male) |
| 22:22 | Crear | Flemish Militia |
| 22:44 | Crear | Villager (Male) |
| 22:45 | Crear | Flemish Militia |
| 22:46 | Crear | Flemish Militia |
| 22:47 | Crear | Battering Ram |
| 23:10 | Crear | Battering Ram |
| 23:31 | Crear | Villager (Male) |
| 23:40 | Construir | Lumber Camp |
| 23:47 | Construir | Farm |
| 23:47 | Construir | Farm |
| 23:47 | Construir | Farm |
| 23:48 | Construir | Farm |
| 23:49 | Construir | Farm |
| 23:50 | Crear | Villager (Male) |
| 23:51 | Crear | Flemish Militia |
| 24:05 | Crear | Flemish Militia |
| 24:06 | Crear | Villager (Male) |
| 24:15 | Investigar | Iron Casting |
| 24:39 | Crear | Villager (Male) |
Build order — RankS
Primeras 150 de 586 acciones detectadas
| 0:01 | Crear | Villager (Male) |
| 0:01 | Crear | Villager (Male) |
| 0:02 | Construir | House |
| 0:03 | Construir | House |
| 0:10 | Crear | Villager (Male) |
| 0:21 | Crear | Villager (Male) |
| 1:30 | Crear | Villager (Male) |
| 1:30 | Crear | Villager (Male) |
| 1:30 | Crear | Villager (Male) |
| 1:45 | Construir | Lumber Camp |
| 1:51 | Crear | Villager (Male) |
| 1:51 | Crear | Villager (Male) |
| 2:22 | Crear | Villager (Male) |
| 2:22 | Crear | Villager (Male) |
| 2:34 | Crear | Villager (Male) |
| 2:34 | Crear | Villager (Male) |
| 3:17 | Crear | Villager (Male) |
| 3:17 | Crear | Villager (Male) |
| 3:17 | Crear | Villager (Male) |
| 3:49 | Construir | House |
| 4:00 | Crear | Villager (Male) |
| 4:00 | Crear | Villager (Male) |
| 4:00 | Crear | Villager (Male) |
| 4:15 | Construir | Mill |
| 4:31 | Crear | Villager (Male) |
| 4:31 | Crear | Villager (Male) |
| 4:53 | Crear | Villager (Male) |
| 4:53 | Crear | Villager (Male) |
| 5:22 | Crear | Villager (Male) |
| 5:37 | Construir | House |
| 5:44 | Crear | Villager (Male) |
| 5:44 | Crear | Villager (Male) |
| 6:11 | Crear | Villager (Male) |
| 6:12 | Crear | Villager (Male) |
| 6:41 | Crear | Villager (Male) |
| 6:42 | Crear | Villager (Male) |
| 7:01 | Construir | Farm |
| 7:01 | Construir | Farm |
| 7:01 | Construir | Farm |
| 7:02 | Construir | Farm |
| 7:29 | Investigar | Loom |
| 7:54 | Investigar | Feudal Age |
| 7:54 | Investigar | Feudal Age |
| 8:55 | Construir | House |
| 9:51 | Crear | Villager (Male) |
| 9:52 | Crear | Villager (Male) |
| 10:06 | Edad | Edad Feudal |
| 10:11 | Construir | Market |
| 10:15 | Construir | Blacksmith |
| 10:58 | Investigar | Loom |
| 11:23 | Crear | Villager (Male) |
| 11:40 | Investigar | Castle Age |
| 11:40 | Investigar | Castle Age |
| 11:40 | Investigar | Castle Age |
| 12:10 | Investigar | Double-Bit Axe |
| 12:10 | Investigar | Horse Collar |
| 12:11 | Investigar | Horse Collar |
| 12:33 | Investigar | Horse Collar |
| 12:33 | Investigar | Horse Collar |
| 14:00 | Construir | Mining Camp |
| 14:26 | Crear | Villager (Male) |
| 14:28 | Edad | Edad de los Castillos |
| 14:30 | Crear | Villager (Male) |
| 14:35 | Construir | Town Center |
| 14:44 | Construir | Town Center |
| 14:55 | Crear | Villager (Male) |
| 14:58 | Construir | Farm |
| 15:30 | Construir | Farm |
| 15:34 | Crear | Villager (Male) ×5 |
| 15:43 | Construir | Farm |
| 15:43 | Construir | Farm |
| 15:50 | Crear | Villager (Male) |
| 16:03 | Crear | Villager (Male) |
| 16:12 | Crear | Villager (Male) |
| 16:12 | Crear | Villager (Male) |
| 16:20 | Construir | Farm |
| 16:23 | Crear | Villager (Male) |
| 16:36 | Construir | Farm |
| 16:40 | Crear | Villager (Male) |
| 16:41 | Crear | Villager (Male) |
| 16:41 | Crear | Villager (Male) |
| 16:46 | Construir | House |
| 16:46 | Construir | House |
| 16:57 | Crear | Villager (Male) |
| 17:11 | Construir | Town Center |
| 17:21 | Crear | Villager (Male) ×2 |
| 17:26 | Crear | Villager (Male) ×2 |
| 17:26 | Crear | Villager (Male) ×2 |
| 17:33 | Construir | Farm |
| 17:33 | Construir | Farm |
| 17:33 | Construir | Farm |
| 17:33 | Construir | Farm |
| 17:34 | Construir | Farm |
| 17:49 | Crear | Villager (Male) ×2 |
| 17:49 | Crear | Villager (Male) ×2 |
| 17:49 | Crear | Villager (Male) ×2 |
| 17:56 | Construir | House |
| 17:57 | Construir | House |
| 18:03 | Construir | Farm |
| 18:09 | Crear | Villager (Male) |
| 18:10 | Crear | Villager (Male) |
| 18:17 | Construir | Farm |
| 18:17 | Construir | Farm |
| 18:18 | Construir | Farm |
| 18:18 | Construir | Farm |
| 18:18 | Construir | Farm |
| 18:18 | Construir | Farm |
| 18:23 | Construir | Farm |
| 18:26 | Crear | Villager (Male) |
| 18:26 | Crear | Villager (Male) |
| 18:40 | Crear | Villager (Male) |
| 18:40 | Crear | Villager (Male) |
| 18:40 | Crear | Villager (Male) |
| 18:52 | Crear | Villager (Male) ×2 |
| 18:53 | Crear | Villager (Male) ×2 |
| 19:01 | Construir | Town Center |
| 19:03 | Crear | Villager (Male) |
| 19:03 | Crear | Villager (Male) |
| 19:22 | Crear | Villager (Male) ×2 |
| 19:23 | Crear | Villager (Male) ×2 |
| 19:30 | Construir | House |
| 19:31 | Construir | House |
| 19:34 | Crear | Villager (Male) ×2 |
| 19:34 | Crear | Villager (Male) ×2 |
| 20:02 | Crear | Villager (Male) ×4 |
| 20:02 | Crear | Villager (Male) ×4 |
| 20:17 | Investigar | Wheelbarrow |
| 20:17 | Investigar | Wheelbarrow |
| 20:20 | Construir | Barracks |
| 20:27 | Crear | Villager (Male) |
| 20:27 | Crear | Villager (Male) ×2 |
| 20:27 | Crear | Villager (Male) |
| 20:29 | Construir | Farm |
| 20:29 | Construir | Farm |
| 20:29 | Construir | Farm |
| 20:30 | Construir | Farm |
| 20:30 | Construir | Farm |
| 20:30 | Construir | Farm |
| 20:42 | Crear | Villager (Male) ×2 |
| 20:43 | Crear | Villager (Male) ×2 |
| 20:46 | Construir | Farm |
| 20:49 | Construir | Farm |
| 20:51 | Crear | Villager (Male) |
| 20:51 | Crear | Villager (Male) |
| 20:57 | Crear | Villager (Male) |
| 20:57 | Crear | Villager (Male) |
| 21:07 | Crear | Villager (Male) |
| 21:07 | Crear | Villager (Male) ×2 |
| 21:07 | Crear | Villager (Male) ×2 |
| 21:07 | Crear | Villager (Male) |
Cronología de la partida
| 8:31 | Signal&Command to me=mute&report · age_up feudal |
| 8:55 | ExtremeTreant · age_up feudal |
| 9:03 | BSV_Ariadna · wall_segment Palisade Wall x4 |
| 9:29 | BSV_Ariadna · wall_segment Palisade Wall x1 |
| 9:31 | BSV_Ariadna · wall_segment Palisade Wall x1 |
| 9:57 | BSV_Ariadna · wall_segment Palisade Wall x5 |
| 10:06 | RankS · age_up feudal |
| 10:12 | BSV_Ariadna · wall_segment Palisade Wall x5 |
| 10:24 | Loto · wall_segment Palisade Wall x1 |
| 10:25 | Loto · wall_segment Palisade Wall x1 |
| 10:42 | Loto · first_building Barracks |
| 10:47 | Loto · wall_segment Palisade Wall x1 |
| 10:49 | Loto · wall_segment Palisade Wall x1 |
| 10:57 | Loto · wall_segment Palisade Wall x1 |
| 10:58 | BSV_Ariadna · age_up feudal |
| 11:00 | Mysterutopia · age_up feudal |
| 11:02 | Snorkiss89 · age_up feudal |
| 11:34 | ExtremeTreant · first_building Stable |
| 11:58 | BSV_Ariadna · first_market_sell 100 stone |
| 12:00 | BSV_Ariadna · first_market_buy 100 food |
| 12:37 | Signal&Command to me=mute&report · wall_segment Stone Wall x1 |
| 12:42 | Loto · age_up feudal |
| 12:51 | Signal&Command to me=mute&report · wall_segment Stone Wall x1 |
| 12:53 | Signal&Command to me=mute&report · wall_segment Stone Wall x1 |
| 12:56 | ExtremeTreant · age_up castle |
| 13:06 | Signal&Command to me=mute&report · wall_segment Stone Wall x1 |
| 13:07 | Signal&Command to me=mute&report · wall_segment Stone Wall x1 |
| 13:35 | Loto · first_market_buy 100 food |
| 13:36 | lobo · age_up feudal |
| 13:59 | BSV_Ariadna · wall_segment Stone Wall x1 |
| 14:28 | RankS · age_up castle |
| 14:32 | Snorkiss89 · age_up castle |
| 14:37 | Mysterutopia · age_up castle |
| 14:43 | Snorkiss89 · first_building Monastery |
| 14:44 | BSV_Ariadna · age_up castle |
| 14:46 | BSV_Ariadna · first_building Siege Workshop |
| 15:39 | RankS · first_market_sell 100 food |
| 15:41 | RankS · first_market_buy 100 wood |
| 15:49 | Signal&Command to me=mute&report · wall_segment Stone Wall x1 |
| 15:51 | Signal&Command to me=mute&report · wall_segment Stone Wall x1 |
| 15:52 | Signal&Command to me=mute&report · wall_segment Stone Wall x1 |
| 16:25 | Loto · age_up castle |
| 16:35 | Mysterutopia · first_market_buy 100 food |
| 17:11 | lobo · age_up castle |
| 17:14 | lobo · first_building Siege Workshop |
| 17:22 | Loto · first_building Siege Workshop |
| 18:25 | lobo · first_market_sell 100 wood |
| 19:02 | Signal&Command to me=mute&report · wall_segment Stone Wall x1 |
| 19:22 | Snorkiss89 · first_market_buy 100 stone |
| 19:28 | Signal&Command to me=mute&report · wall_segment Stone Wall x4 |
| 19:39 | BSV_Ariadna · wall_segment Stone Wall x1 |
| 19:44 | BSV_Ariadna · wall_segment Stone Wall x1 |
| 20:18 | Signal&Command to me=mute&report · wall_segment Stone Wall x4 |
| 20:20 | RankS · first_building Barracks |
| 21:09 | Mysterutopia · first_building Barracks |
| 21:58 | lobo · age_up imperial |
| 22:09 | Mysterutopia · first_building Monastery |
| 22:47 | ExtremeTreant · first_market_buy 100 stone |
| 23:36 | Signal&Command to me=mute&report · age_up castle |
| 23:43 | Signal&Command to me=mute&report · first_building Monastery |
| 23:59 | Signal&Command to me=mute&report · first_market_buy 100 wood |
| 24:03 | RankS · first_building Castle |
| 24:13 | Loto · first_market_sell 100 wood |
| 24:40 | BSV_Ariadna · first_building Castle |
| 25:18 | Mysterutopia · first_building Stable |
| 25:44 | Signal&Command to me=mute&report · first_building Castle |
| 26:01 | lobo · first_building Barracks |
| 26:57 | lobo · first_building Stable |
| 27:28 | Mysterutopia · age_up imperial |
| 27:29 | Snorkiss89 · first_building Castle |
| 27:43 | Mysterutopia · first_building Castle |
| 28:13 | Snorkiss89 · age_up imperial |
| 28:16 | Snorkiss89 · first_building Barracks |
| 29:09 | RankS · age_up imperial |
| 29:34 | RankS · first_building Siege Workshop |
| 30:05 | BSV_Ariadna · first_building Barracks |
| 30:07 | Signal&Command to me=mute&report · wall_segment Stone Wall x1 |
| 30:08 | Signal&Command to me=mute&report · wall_segment Stone Wall x1 |
| 30:08 | Mysterutopia · first_building Siege Workshop |
| 30:22 | RankS · wall_segment Stone Wall x1 |
| 30:31 | Signal&Command to me=mute&report · first_building Barracks |
| 30:41 | Snorkiss89 · first_building Siege Workshop |
| 31:32 | Mysterutopia · tribute_sent a jugador 1 |
| 31:32 | Mysterutopia · tribute_sent a jugador 2 |
| 31:32 | Mysterutopia · tribute_sent a jugador 3 |
| 31:32 | Mysterutopia · tribute_sent a jugador 4 |
| 31:32 | Mysterutopia · tribute_sent a jugador 5 |
| 31:32 | Mysterutopia · tribute_sent a jugador 7 |
| 31:32 | Mysterutopia · tribute_sent a jugador 8 |
| 31:46 | BSV_Ariadna · age_up imperial |
| 31:52 | Signal&Command to me=mute&report · first_building Stable |
| 32:33 | RankS · first_building Stable |
| 32:34 | lobo · first_market_buy 100 stone |
| 32:42 | lobo · first_building Castle |
| 33:01 | Signal&Command to me=mute&report · first_market_sell 100 wood |
| 33:11 | Loto · first_building Castle |
| 33:33 | Signal&Command to me=mute&report · wall_segment Stone Wall x4 |
| 34:03 | Snorkiss89 · tribute_sent a jugador 1 |
| 34:03 | Snorkiss89 · tribute_sent a jugador 2 |
| 34:03 | Snorkiss89 · tribute_sent a jugador 4 |
| 34:03 | Snorkiss89 · tribute_sent a jugador 5 |
| 34:03 | Snorkiss89 · tribute_sent a jugador 6 |
| 34:03 | Snorkiss89 · tribute_sent a jugador 7 |
| 34:03 | Snorkiss89 · tribute_sent a jugador 8 |
| 34:26 | Signal&Command to me=mute&report · tribute_sent a jugador 1 |
| 34:26 | Signal&Command to me=mute&report · tribute_sent a jugador 2 |
| 34:26 | Signal&Command to me=mute&report · tribute_sent a jugador 3 |
| 34:26 | Signal&Command to me=mute&report · tribute_sent a jugador 4 |
| 34:26 | Signal&Command to me=mute&report · tribute_sent a jugador 6 |
| 34:26 | Signal&Command to me=mute&report · tribute_sent a jugador 7 |
| 34:26 | Signal&Command to me=mute&report · tribute_sent a jugador 8 |
| 34:53 | BSV_Ariadna · first_building Archery Range |
| 36:00 | Loto · first_building Stable |
| 36:16 | Snorkiss89 · tribute_sent a jugador 1 |
| 36:16 | Snorkiss89 · tribute_sent a jugador 2 |
| 36:16 | Snorkiss89 · tribute_sent a jugador 4 |
| 36:16 | Snorkiss89 · tribute_sent a jugador 5 |
| 36:16 | Snorkiss89 · tribute_sent a jugador 6 |
| 36:16 | Snorkiss89 · tribute_sent a jugador 7 |
| 36:16 | Snorkiss89 · tribute_sent a jugador 8 |
| 36:27 | Signal&Command to me=mute&report · age_up imperial |
| 36:51 | RankS · tribute_sent a jugador 1 |
| 36:51 | RankS · tribute_sent a jugador 2 |
| 36:51 | RankS · tribute_sent a jugador 3 |
| 36:51 | RankS · tribute_sent a jugador 4 |
| 36:51 | RankS · tribute_sent a jugador 5 |
| 36:51 | RankS · tribute_sent a jugador 6 |
| 36:51 | RankS · tribute_sent a jugador 7 |
| 37:25 | Snorkiss89 · first_building Archery Range |
| 37:41 | Loto · age_up imperial |
| 38:30 | lobo · wall_segment Stone Wall x33 |
| 38:43 | BSV_Ariadna · first_building Stable |
| 39:06 | Signal&Command to me=mute&report · wall_segment Stone Wall x1 |
| 39:16 | Signal&Command to me=mute&report · first_building Siege Workshop |
| 42:30 | RankS · tribute_sent a jugador 1 |
| 42:30 | RankS · tribute_sent a jugador 2 |
| 42:30 | RankS · tribute_sent a jugador 3 |
| 42:30 | RankS · tribute_sent a jugador 4 |
| 42:30 | RankS · tribute_sent a jugador 5 |
| 42:30 | RankS · tribute_sent a jugador 6 |
| 42:30 | RankS · tribute_sent a jugador 7 |
| 42:53 | Loto · first_building Monastery |
| 43:03 | lobo · tribute_sent a jugador 2 |
| 43:03 | lobo · tribute_sent a jugador 3 |
| 43:03 | lobo · tribute_sent a jugador 4 |
| 43:03 | lobo · tribute_sent a jugador 5 |
| 43:03 | lobo · tribute_sent a jugador 6 |
| 43:03 | lobo · tribute_sent a jugador 7 |
| 43:03 | lobo · tribute_sent a jugador 8 |
| 46:28 | Mysterutopia · first_market_sell 100 food |
| 47:37 | ExtremeTreant · first_building Barracks |
| 50:30 | Snorkiss89 · tribute_sent a jugador 1 |
| 50:30 | Snorkiss89 · tribute_sent a jugador 2 |
| 50:30 | Snorkiss89 · tribute_sent a jugador 4 |
| 50:30 | Snorkiss89 · tribute_sent a jugador 5 |
| 50:30 | Snorkiss89 · tribute_sent a jugador 6 |
| 50:30 | Snorkiss89 · tribute_sent a jugador 7 |
| 50:30 | Snorkiss89 · tribute_sent a jugador 8 |
| 50:35 | Snorkiss89 · tribute_sent a jugador 1 |
| 50:35 | Snorkiss89 · tribute_sent a jugador 2 |
| 50:35 | Snorkiss89 · tribute_sent a jugador 4 |
| 50:35 | Snorkiss89 · tribute_sent a jugador 5 |
| 50:35 | Snorkiss89 · tribute_sent a jugador 6 |
| 50:35 | Snorkiss89 · tribute_sent a jugador 7 |
| 50:35 | Snorkiss89 · tribute_sent a jugador 8 |
| 50:45 | Signal&Command to me=mute&report · wall_segment Stone Wall x1 |
| 50:46 | Signal&Command to me=mute&report · wall_segment Stone Wall x1 |
| 53:27 | RankS · resign |
[ ANÁLISIS IA · 1 CRÉDITO ]
¿Qué pasó realmente en esta partida?
Wolo.gg analiza cada decisión: build order, eco, micro, errores típicos por bracket. Análisis personalizado por WhatsApp o Discord en 30 segundos.
Guía civ
Francos
Perfil
Jugador #18317658